 Dungeon Crawl Stone Soup version 0.20-a0-433-g9e36e56 (webtiles) character file.

107 Mogwied the Caller (level 4, -2/24 HPs)
             Began as a Deep Elf Summoner on Jan 3, 2017.
             Slain by a gnoll
             ... wielding a +0 spear
              (4 damage)
             ... on level 3 of the Dungeon.
             The game lasted 00:15:42 (2443 turns).

Mogwied the Caller (Deep Elf Summoner)              Turns: 2443, Time: 00:15:42

Health: -2/24      AC:  4    Str:  5    XL:     4   Next: 56%
Magic:  4/11       EV: 18    Int: 21    God:
Gold:   93         SH:  0    Dex: 15    Spells: 4/10 levels left

rFire  . . .     SeeInvis .     s - +2 quarterstaff (chaos)
rCold  . . .     Gourm    .     a - +0 robe
rNeg   . . .     Faith    .     (shield currently unavailable)
rPois  .         Spirit   .     p - +0 helmet
rElec  .         Reflect  .     t - +0 cloak
rCorr  .         Harm     .     (no gloves)
MR     .....                    (no boots)
Stlth  ++........               (no amulet)
                                (no ring)
                                o - +4 ring of evasion

@: no status effects
A: no striking features
a: no special abilities


You were on level 3 of the Dungeon.
You were not hungry.

You visited 1 branch of the dungeon, and saw 3 of its levels.

You collected 93 gold pieces.

Inventory:

Hand Weapons
 f - a +2 dagger of venom
 s - a +2 quarterstaff of chaos (weapon)
Armour
 a - a +0 robe (worn)
 p - a +0 helmet (worn)
 t - a +0 cloak (worn)
Jewellery
 o - a +4 ring of evasion (left hand)
 r - an uncursed ring of flight {unknown}
Scrolls
 e - a scroll of identify {unknown}
 g - a scroll of amnesia {unknown}
 n - a scroll of magic mapping {unknown}
 q - a scroll of remove curse {unknown}
 u - a scroll of fear {unknown}
Potions
 h - a potion of invisibility {unknown}
 i - a potion of resistance {unknown}
 k - 2 potions of haste {unknown}
Books
 b - a book of Callings

   Spells                             Type                      Level
   a - Summon Small Mammal            Summoning                    1
   b - Call Imp                       Summoning                    2
   c - Call Canine Familiar           Summoning                    3
   d - Summon Guardian Golem          Hexes/Summoning              3
   e - Summon Lightning Spire         Summoning/Air                4
   f - Summon Ice Beast               Ice/Summoning                4
Comestibles
 c - 2 bread rations
 d - 3 beef jerkies
 j - 5 fruits
 l - 6 chunks of flesh
 m - 2 meat rations


   Skills:
 + Level 3.7 Dodging
 - Level 2.4 Stealth
 + Level 3.8 Spellcasting
 + Level 0.3 Hexes
 * Level 5.6 Summonings


You had 4 spell levels left.
You knew the following spells:

 Your Spells              Type           Power        Failure   Level  Hunger
a - Summon Small Mammal   Summ           ####         1%          1    None
b - Call Imp              Summ           ####....     1%          2    #......
c - Summon Guardian Gole  Hex/Summ       ###.....     14%         3    ###....


Dungeon Overview and Level Annotations

Branches:
Dungeon (3/15)

Altars:


Message History

You swap places.
Your crimson imp blinks!
Casting: Call Imp
Confirm with . or Enter, or press ? or * to list all spells.
The gnoll hits you from afar with a spear.
* * * LOW HITPOINT WARNING * * *
Your crimson imp blinks!
The gnoll barely misses you.
Your quokka closely misses the gnoll.
The gnoll hits you from afar with a spear.
* * * LOW HITPOINT WARNING * * *
Your quokka bites the gnoll.
The gnoll hits your quokka with a spear.
Your quokka dies!
Your quokka's corpse disappears in a puff of smoke!
Casting: Summon Small Mammal
Confirm with . or Enter, or press ? or * to list all spells.
A beastly little devil appears in a puff of frigid air.
The gnoll shouts!
The gnoll hits you from afar with a spear.
You die...

........§.gr##.#
##
...........5...#
###.........##g#
#
##.##.######§##.#
#. #. #....5...#
#. #[###8##.#
##5##.# #.# #
#...#.###.#
#@§g..).#
#$..#.#####
##.##.# ... ..#
###..[.. #####.
.# .#


You could see a gnoll and a friendly white imp.

Vanquished Creatures
  Jessica (D:2)
  Robin (D:2)
  A gnoll (D:3)
  A dart slug (D:3)
  2 hobgoblins
  2 jackals (D:2)
  A quokka (D:3)
  A bat (D:1)
  4 goblins
  A kobold (D:3)
  4 rats
19 creatures vanquished.

Vanquished Creatures (collateral kills)
  Crazy Yiuf (D:2)
  A gnoll (D:3)
  2 oozes (D:2)
  A dart slug (D:3)
  An orc (D:3)
  5 giant cockroaches
  5 goblins (D:2)
  5 hobgoblins
  2 jackals (D:2)
  3 kobolds
  A quokka (D:2)
  6 bats
  A frilled lizard (D:1)
  5 rats
39 creatures vanquished.

Grand Total: 58 creatures vanquished

Notes
Turn   | Place    | Note
-------+----------+-------------------------------------------
     0 | D:1      | Mogwied the Deep Elf Summoner began the quest for the Orb.
     0 | D:1      | Reached XP level 1. HP: 10/10 MP: 6/6
   359 | D:1      | Reached XP level 2. HP: 15/15 MP: 6/8
   363 | D:1      | Learned a level 2 spell: Call Imp
   847 | D:2      | Killed Robin
   847 | D:2      | Reached skill level 5 in Summonings
   847 | D:2      | Reached XP level 3. HP: 4/19 MP: 7/9
  1814 | D:2      | Found a runed door.
  1818 | D:2      | Noticed Crazy Yiuf
  1832 | D:2      | Killed Crazy Yiuf
  2080 | D:2      | Noticed Jessica
  2089 | D:2      | Killed Jessica
  2089 | D:2      | Reached XP level 4. HP: 23/24 MP: 8/11
  2312 | D:3      | Learned a level 3 spell: Summon Guardian Golem
  2443 | D:3      | Slain by a gnoll

Vault maps used:
D:1:      dpeg_arrival_simpleton_c
D:2:      uniq_robin, uniq_crazy_yiuf_cottage, uniq_jessica

Skill      XL: |  1  2 |
---------------+-------+-----
Dodging        | 3 |  3.7
Summonings     | 5 |  5.6
Stealth        | |  2.4
Spellcasting   | |  3.8
Hexes          | |  0.3

Action                   |  1- 3 |  4- 6 || total
-------------------------+-------+-------++-------
Melee: Dagger            |    40 |       ||    40
       Quarterstaff      |     2 |    26 ||    28
 Cast: Summon Small Mamm |    29 |     3 ||    32
       Call Imp          |    12 |     7 ||    19
       Summon Guardian G |       |     2 ||     2
 Stab: Distracted        |     1 |       ||     1
  Eat: Chunk             |     4 |     1 ||     5
Armor: Robe              |    16 |     5 ||    21
Dodge: Dodged            |    47 |    36 ||    83
